Map: Crista de Lerilak

Players

TheKing

  • Race: Terran Terran
  • League: Diamond

TheZergLord - Winner!

  • Race: Zerg Zerg
  • League: Master

VOD

Have the link to the VOD?

Description

Time

  • Played on: Feb. 27, 2016, 3:09 p.m.
  • Length: 6:30
Show
View Real Time Build Order
Export as new Build Order

TheKing Terran 

Build Orders:  

Get SALT Encoding   

  12  0:00  SCV  
  13  0:13  SCV  
  14  0:17  Supply Depot  
  14  0:25  SCV  
  15  0:38  SCV  
  15  0:40  Barracks  
  16  0:45  Refinery  
  16  0:50  SCV  
  17  1:02  SCV  
  18  1:14  SCV  
  19  1:30  Orbital Command  
  19  1:34  Barracks Reactor  
  19  1:49  Command Center  
  19  1:58  SCV  
  20  2:05  Supply Depot  
  20  2:10  Factory  
  20  2:13  SCV  
  20  2:15  Marine  
  22  2:19  Marine  
  23  2:29  SCV  
  24  2:32  Bunker  
  24  2:37  Marine x2  
  24  2:41  SCV  
  27  2:53  SCV  
  27  2:54  Marine  
  27  2:55  Marine  
  31  3:06  SCV  
  31  3:09  Orbital Command  
  31  3:13  Refinery  
  31  3:17  Starport  
  31  3:20  Barracks Tech Lab  
  31  3:21  SCV  
  34  3:27  Hellion  
  34  3:30  Hellion  
  36  3:34  SCV  
  37  3:42  SCV  
  37  3:45  Marine, Armory  
  37  3:46  SCV  
  40  3:55  SCV  
  41  4:03  SCV  
  41  4:05  Medivac  
  44  4:17  SCV  
  44  4:18  Marine  
  44  4:24  Supply Depot x2  
  46  4:27  Supply Depot  
  46  4:28  Hellion x2, SCV  
  51  4:35  Marine  
  52  4:43  SCV  
  53  4:50  Hellion x2  
  53  4:52  Medivac  
  59  4:58  SCV  
  59  4:59  SCV  
  61  5:00  Supply Depot  
  61  5:11  Refinery  
  61  5:13  Barracks  
  53  5:23  Hellion x2  
  46  5:35  Orbital Command  
  40  5:46  SCV  
  40  5:58  SCV, Marine  
  42  6:10  Factory Tech Lab, SCV  
  35  6:13  SCV  
Show
View Real Time Build Order
Export as new Build Order

TheZergLord Zerg - Winner!

Build Orders: Hatch First, Roach Nydus 

Get SALT Encoding   

  12  0:01  Drone  
  13  0:13  Overlord  
  13  0:18  Drone  
  14  0:31  Drone  
  14  0:32  Drone  
  16  0:36  Drone  
  17  0:52  Hatchery  
  17  0:55  Drone  
  17  1:11  Spawning Pool  
  16  1:12  Drone  
  16  1:16  Drone  
  18  1:21  Drone  
  18  1:23  Extractor  
  18  1:29  Drone  
  19  1:40  Overlord  
  19  1:58  Queen, Zergling x2  
  22  2:03  Zergling x2  
  22  2:04  Queen  
  22  2:05  Zergling x2  
  26  2:13  Drone  
  26  2:15  Drone  
  28  2:23  Drone  
  28  2:26  Drone  
  30  2:34  Drone, Lair  
  31  2:40  Queen  
  33  2:47  Overlord  
  33  2:49  Drone x2  
  35  2:57  Drone  
  36  3:00  Overlord  
  36  3:08  Drone x3  
  36  3:09  Drone  
  36  3:12  Drone x2  
  41  3:13  Drone  
  41  3:16  Extractor  
  41  3:19  Extractor  
  40  3:23  Roach Warren  
  39  3:31  Drone  
  39  3:32  Drone  
  41  3:37  Nydus Network  
  40  3:48  Overlord x2  
  40  4:06  Roach x5  
  40  4:07  Roach x2  
  54  4:13  Roach x2  
  58  4:18  Overseer  
  58  4:36  Overlord  
  58  4:47  Queen  
  58  4:51  Overlord  
  60  4:54  Queen  
  60  4:59  Nydus Canal  
  62  5:04  Roach x3  
  68  5:11  Roach x3  
  74  5:23  Roach  
  73  6:02  Roach  
  73  6:03  Overlord x2  
Tags
 
Add a new tag
Caveats
  • Supply blocks, unpowered buildings, or Contaminate may cause inaccurate times.
  • Supply counts are checked every 10 seconds.